 Dungeon Crawl Stone Soup version 0.21.0-3-g78d12a8bdd (webtiles) character file.

383 NullDivider the Charlatan (level 6, -5/32 HPs)
             Began as a Spriggan Artificer on Jan 17, 2018.
             Killed by divine providence
             ... invoked by an orc priest
              (13 damage)
             ... on level 4 of the Dungeon.
             The game lasted 00:14:59 (3387 turns).

NullDivider the Charlatan (Spriggan Artificer)      Turns: 3387, Time: 00:15:00

Health: -5/32      AC:  6    Str:  8    XL:     6   Next: 47%
Magic:  10/11      EV: 21    Int: 12    God:
Gold:   248        SH:  0    Dex: 19    Spells: 5/5 levels left

rFire    . . .     SeeInvis +   g - +1 short sword (drain)
rCold    . . .     Gourm    .   (shield restricted)
rNeg     . . .     Faith    .   b - +0 robe
rPois    .         Spirit   .   (helmet restricted)
rElec    .         Reflect  .   y - +0 cloak (curse)
rCorr    .         Harm     .   (gloves unavailable)
MR       +....                  (boots unavailable)
Stlth    +++.......             (no amulet)
HPRegen  0.10/turn              v - +3 ring of protection
MPRegen  0.12/turn              (no ring)

@: very quick
A: very small, unfitting armour, see invisible, herbivore, speed 3, slow
metabolism 2
a: no special abilities


You were on level 4 of the Dungeon.
You were not hungry.

You visited 1 branch of the dungeon, and saw 4 of its levels.

You collected 248 gold pieces.

Inventory:

Hand Weapons
 g - a +1 short sword of draining (weapon)
Missiles
 r - 14 arrows
Armour
 b - a +0 robe (worn)
 y - a cursed +0 cloak (worn)
Jewellery
 o - an uncursed amulet of regeneration {unknown}
 v - a +3 ring of protection (left hand)
Wands
 c - a wand of flame (10)
 d - a wand of enslavement (13)
 e - a wand of random effects (12)
Scrolls
 a - 2 scrolls of random uselessness {unknown}
 h - 3 scrolls of teleportation
 i - 3 scrolls of identify
 j - a scroll of magic mapping {unknown}
 k - a scroll of fear {unknown}
 q - a scroll of noise {unknown}
 t - a scroll of amnesia {unknown}
 w - a scroll of remove curse {unknown}
Potions
 l - a potion of mutation {unknown}
 m - 3 potions of agility {unknown}
 n - a potion of degeneration {unknown}
 p - 2 potions of brilliance {unknown}
 s - a potion of might {unknown}
 u - 2 potions of curing {unknown}
 x - a potion of ambrosia {unknown}
 z - a potion of flight {unknown}
 A - a potion of haste {unknown}
Comestibles
 f - 5 rations


   Skills:
 * Level 3.2 Fighting
 + Level 2.9 Short Blades
 + Level 4.9 Dodging
 + Level 4.3 Stealth
 + Level 5.3 Evocations


You had 5 spell levels left.
You didn't know any spells.

Dungeon Overview and Level Annotations

Branches:
Dungeon (4/15)
 Temple: D:4-7

Altars:
Ashenzari

Shops:
D:4 :

Annotations:
D:3 Gunter174's ghost, amateur MiFi


Innate Abilities, Weirdness & Mutations

You are very small and have problems with some larger weapons.
You are too small for most types of armour.
You have supernaturally acute eyesight. (SInv)
You are a herbivore.
You cover ground extremely quickly.
You need consume almost no food.


Message History

The water moccasin skeleton bites your centaur but does no damage.
The orc hits your centaur but does no damage.
Your centaur completely misses the water moccasin skeleton.
The orc priest invokes the aid of Beogh against you.
Your centaur writhes in agony!
Your centaur dies!
The orc priest looks more experienced.
You hit the water moccasin skeleton.
You destroy the water moccasin skeleton!
You hit the orc priest but do no damage.
You hit the orc priest but do no damage.
The orc closely misses you. The orc priest barely misses you.
You closely miss the orc priest. The orc misses you.
The orc priest calls down the wrath of Beogh upon you.
Beogh smites you!
* * * LOW HITPOINT WARNING * * *
You hear a shout!
The orc priest mumbles some strange prayers to Beogh against you.
Beogh smites you!
You die...

#######>#..........o#
...................##
#.........#...#....## ##.
#.........#.#.##.o..#....
#.........#.#.##.).......
#...........#..##...#
#8####.#.#.#...o.$..#
####........#>#...oo...#
#.8(∩.8...###.#.@......#
#.##......# #.#...(....#
..##8.<#.####.#........#
.........# #......######
###....#####......#
##......##......#
#...##...<.....#
#...#####......# #####
#......#


You could see an orc priest and 2 orcs.

Vanquished Creatures
  Grinder (D:3)
  A water moccasin skeleton (D:4)
  Crazy Yiuf (D:3)
  2 adders
  2 oozes
  An adder skeleton (D:4)
  3 worms
  5 dart slugs
  2 leopard geckos
  4 orcs (D:3)
  A ball python (D:3)
  7 bats
  5 giant cockroaches
  8 goblins
  11 hobgoblins
  3 jackals (D:3)
  4 frilled lizards
  6 kobolds
  13 rats
80 creatures vanquished.

Vanquished Creatures (others)
  A centaur (D:4)
  A bullfrog (D:3)
2 creatures vanquished.

Grand Total: 82 creatures vanquished

Notes
Turn   | Place    | Note
-------+----------+-------------------------------------------
     0 | D:1      | NullDivider the Spriggan Artificer began the quest for the Orb.
     0 | D:1      | Reached XP level 1. HP: 9/9 MP: 4/4
    75 | D:1      | Reached skill level 1 in Fighting
   196 | D:1      | Reached XP level 2. HP: 14/14 MP: 6/6
   580 | D:1      | Reached XP level 3. HP: 13/18 MP: 7/7
  1576 | D:2      | Found a shattered altar of Ashenzari.
  1667 | D:2      | Reached XP level 4. HP: 23/23 MP: 8/8
  2170 | D:3      | Noticed a bullfrog
  2171 | D:3      | Noticed Gunter174's ghost (amateur MiFi)
  2179 | D:3      | Noticed Grinder
  2521 | D:3      | Found a runed door.
  2525 | D:3      | Noticed Crazy Yiuf
  2530 | D:3      | Killed Crazy Yiuf
  2530 | D:3      | Reached XP level 5. HP: 27/27 MP: 9/9
  2951 | D:3      | Killed Grinder
  2951 | D:3      | Reached skill level 5 in Evocations
  2951 | D:3      | Reached XP level 6. HP: 22/32 MP: 10/10
  3124 | D:4      | Found Icoutionn's Book Shop.
  3387 | D:4      | Killed from afar by an orc priest

Skill      XL: |  1  2  3  4  5 |
---------------+----------------+-----
Fighting       | 1 2 3 |  3.2
Stealth        | 2 3 4 |  4.3
Short Blades   | 2 |  2.9
Dodging        | 4 |  4.9
Evocations     | 5 |  5.3

Action                   |  1- 3 |  4- 6 || total
-------------------------+-------+-------++-------
Melee: Short sword       |   100 |   118 ||   218
Evoke: Wand              |     1 |     9 ||    10
  Use: Scroll            |       |     1 ||     1
 Stab: Sleeping          |    10 |     8 ||    18
       Distracted        |     1 |       ||     1
Armor: Robe              |     6 |    12 ||    18
Dodge: Dodged            |    67 |    85 ||   152
